 Dungeon Crawl Stone Soup version 0.18-a0-1774-gce1f7b6 (webtiles) character file.

1059 namelastname112 the Covert (level 8, -12/41 HPs)
             Began as a Vine Stalker Assassin on Apr 15, 2016.
             Killed by divine providence
             ... invoked by an orc priest
              (16 damage)
             ... on level 5 of the Dungeon.
             The game lasted 00:04:24 (3826 turns).

namelastname112 the Covert (Vine Stalker Assassin)  Turns: 3826, Time: 00:04:25

Health: -12/41     AC:  5    Str: 13    XL:     8   Next: 27%
Magic:  0/9        EV: 14    Int: 14    God:
Gold:   289        SH:  0    Dex: 22    Spells: 0 memorised, 7 levels left

rFire  . . .     SeeInvis .     L - +9 falchion "Duegoed" {flame, rC+ Int+3 Dex+3}
rCold  + + .     Gourm    .     c - +0 robe
rNeg   . . .     Faith    +     (no shield)
rPois  .         Spirit   +     (no helmet)
rElec  .         Dismiss  .     d - +0 cloak
rCorr  +         Reflect  .     k - +0 pair of gloves
SustAt .         Harm     .     C - +0 pair of boots
MR     +....                    K - amulet of faith
Stlth  ++++......               J - ring of resist corrosion
                                E - ring of protection from cold

@: somewhat resistant to hostile enchantments, stealthy
A: fangs 3, regeneration 2, magic shield, antimagic bite, no device heal 3, rot
immunity
a: no special abilities


You were on level 5 of the Dungeon.
You were hungry.

You visited 1 branch of the dungeon, and saw 5 of its levels.
You also visited: Ossuary.

You collected 424 gold pieces.
You spent 135 gold pieces at shops.

Inventory:

Hand Weapons
 a - a +2 dagger
 b - a +0 blowgun
 L - the +9 falchion "Duegoed" (weapon) {flame, rC+ Int+3 Dex+3}
   (You found it on level 5 of the Dungeon)

   It has been specially enchanted to burn those struck by it, causing extra
   injury to most foes and up to half again as much damage against particularly
   susceptible opponents.
   Big, fiery blades are also staple armaments of hydra-hunters.
   It affects your intelligence (+3).
   It affects your dexterity (+3).
   It protects you from cold.
Missiles
 e - 33 poisoned needles
 f - 2 curare-tipped needles
 F - 3 needles of frenzy
 H - 2 throwing nets (quivered)
Armour
 c - a +0 robe (worn)
 d - a +0 cloak (worn)
 k - a +0 pair of gloves (worn)
 C - a +0 pair of boots (worn)
Jewellery
 h - an uncursed ring of ice
 E - a ring of protection from cold (left hand)
 J - a ring of resist corrosion (right hand)
 K - an amulet of faith (around neck)
Wands
 z - a wand of flame (7/48)
 A - a wand of iceblast (11/15)
 G - a wand of lightning (2/15)
Scrolls
 j - 4 scrolls of noise {unknown}
 m - a scroll of fear {unknown}
 n - 6 scrolls of identify {unknown}
 q - 2 scrolls of remove curse {unknown}
 s - a scroll of immolation {unknown}
 t - 3 scrolls of enchant weapon {unknown}
 v - a scroll of enchant armour {unknown}
 y - 2 scrolls of teleportation {unknown}
Potions
 i - a potion of beneficial mutation {unknown}
 l - a potion of ambrosia {unknown}
 o - a potion of brilliance {unknown}
 p - 4 potions of curing {unknown}
 r - a potion of flight {unknown}
 w - 2 potions of heal wounds {unknown}
 x - a potion of lignification {unknown}
 D - a potion of invisibility {unknown}
Books
 u - a book of Geomancy

   Spells                             Type                      Level
   a - Sandblast                      Earth                        1
   b - Passwall                       Transmutation/Earth          2
   c - Stone Arrow                    Conjuration/Earth            3
   d - Petrify                        Transmutation/Earth          4
   e - Lee's Rapid Deconstruction     Earth                        5
Comestibles
 g - 3 bread rations
 B - a beef jerky


   Skills:
 + Level 3.6 Fighting
 * Level 4.7 Short Blades
 + Level 3.4 Throwing
 + Level 3.0 Dodging
 * Level 8.3 Stealth


You had 7 spell levels left.
You didn't know any spells.

Dungeon Overview and Level Annotations

Branches:
Dungeon (5/15)
 Temple: D:4-7

Altars:
Pakellas
Vehumet

Shops:
D:5 *


Innate Abilities, Weirdness & Mutations

You have razor-sharp teeth.
You heal very quickly.
When hurt, damage is shared between your health and your magic reserves.
Your bite disrupts and absorbs the magic of your enemies.
Potions and wands cannot restore your health.
You are immune to rotting.


Message History

You are too injured to fight recklessly!
You are too injured to fight recklessly!
You are too injured to fight recklessly!
You take 37 damage, and have 4/41 hp.
MASSIVE DAMAGE!!
You now have 2/9 mp.
You are too injured to fight recklessly!
You are too injured to fight recklessly!
You are too injured to fight recklessly!
You are too injured to fight recklessly!
You closely miss the orc wizard.
You bite the orc wizard, but do no damage.
The orc wizard points at you and mumbles some strange words.
The magic dart hits you!
* * * LOW HITPOINT WARNING * * *
The orc closely misses you.
You take 1 damage, and have 3/41 hp.
You now have 1/9 mp.
You barely miss the orc priest.
The orc wizard hits you but does no damage.
The orc priest invokes the aid of Beogh against you.
Beogh smites you!
You die...

........##.##.......)...
........##.##...<.......
........##.##...........
........'...............
........##+#############
.#.............
#..........###
#..........###
.....#.@.......
.....#ooo......
.....#......... ....
#......... .##
#......... #.........
#.!....... ..........


You could see an orc priest, an orc wizard and an orc.

Vanquished Creatures
  An ice beast (D:5)
  An ogre (D:4)
  The ghost of namelastname112 the Sneak, an amateur VSAs (D:3)
  4 howler monkeys
  2 giant frog zombies (D:5)
  3 hounds
  2 orc wizards (D:5)
  An orc priest (D:5)
  Jessica (D:3)
  Natasha (twice) (D:3)
  6 worker ants
  3 big kobold zombies (Ossuary)
  2 mummies (Ossuary)
  5 adders
  An ooze (D:2)
  A worm (D:2)
  2 dart slugs (D:1)
  2 giant geckos (D:1)
  10 orcs
  A ball python (D:1)
  5 giant cockroaches
  A goblin (D:3)
  4 hobgoblins
  9 jackals
  6 quokkas
  8 bats
  6 giant newts
  2 gnoll zombies (Ossuary)
  3 goblin zombies (Ossuary)
  3 hobgoblin zombies (Ossuary)
  8 kobolds
  3 orc zombies (Ossuary)
  7 rats
116 creatures vanquished.

Notes
Turn   | Place    | Note
--------------------------------------------------------------
     0 | D:1      | namelastname112 the Vine Stalker Assassin began the quest for the Orb.
     0 | D:1      | Reached XP level 1. HP: 11/11 MP: 2/2
    77 | D:1      | Reached skill level 5 in Stealth
   239 | D:1      | Reached XP level 2. HP: 12/15 MP: 3/3
   795 | D:2      | Reached skill level 1 in Dodging
   795 | D:2      | Reached XP level 3. HP: 7/18 MP: 2/4
  1074 | D:2      | Reached XP level 4. HP: 23/23 MP: 3/5
  1407 | D:3      | Noticed namelastname112's ghost (amateur VSAs)
  1417 | D:3      | Killed namelastname112's ghost
  1417 | D:3      | Reached skill level 6 in Stealth
  1417 | D:3      | Reached XP level 5. HP: 17/27 MP: 4/6
  1448 | D:3      | Noticed Natasha
  1457 | D:3      | Killed Natasha
  1517 | D:3      | Noticed Jessica
  1534 | D:3      | Killed Jessica
  1961 | D:3      | Noticed Natasha
  1970 | D:3      | Killed Natasha
  1970 | D:3      | Gained mutation: You heal very quickly. [Vine Stalker growth]
  1970 | D:3      | Reached XP level 6. HP: 27/32 MP: 5/7
  2281 | D:4      | Found a sand-covered staircase.
  2302 | Ossuary  | Entered an ossuary
  2318 | Ossuary  | Reached skill level 7 in Stealth
  2344 | Ossuary  | Reached XP level 7. HP: 25/36 MP: 8/8
  3001 | D:4      | Found a radiant altar of Vehumet.
  3012 | D:4      | Found an oddly glowing altar of Pakellas.
  3064 | D:5      | Entered Level 5 of the Dungeon
  3400 | D:5      | Found Zuedieb's Assorted Antiques.
  3408 | D:5      | Bought a large pearl amulet for 135 gold pieces
  3412 | D:5      | Got a fine falchion
  3413 | D:5      | Identified the +9 falchion "Duegoed" {flame, rC+ Int+3 Dex+3} (You found it on level 5 of the Dungeon)
  3456 | D:5      | Gained mutation: You have razor-sharp teeth. [Vine Stalker growth]
  3456 | D:5      | Reached XP level 8. HP: 15/40 MP: 6/9
  3630 | D:5      | Reached skill level 8 in Stealth
  3826 | D:5      | Killed from afar by an orc priest

Vault maps used:
D:1:      mrwooster_arrival_statue_2, st_stairs_13
D:2:      first_bread, kennysheep_minor_cross
D:3:      minivault_25, minmay_strange_pillars, uniq_jessica, uniq_natasha
D:4:      amethyst_overflow_temple_binary, enter_ossuary_1
D:5:      minmay_temple_entry_statues, serial_shops, shop
Ossuary:  minmay_ossuary_gauntlet

Skill      XL: |  1  2  3  4  5  6  7  8 |
---------------+-------------------------+-----
Stealth        | 5 6 7 8 |  8.3
Fighting       | 2 3 |  3.6
Throwing       | 2 3 |  3.4
Short Blades   | 2 3 4 |  4.7
Dodging        | 1 2 3 |  3.0

Action                   |  1- 3 |  4- 6 |  7- 9 || total
-------------------------+-------+-------+-------++-------
Melee: Dagger            |    97 |   166 |   157 ||   420
       Bite              |    24 |    44 |    67 ||   135
       Falchion          |       |       |    40 ||    40
 Stab: Sleeping          |     8 |    10 |     4 ||    22
       Distracted        |       |       |     2 ||     2
  Eat: Chunk             |       |     5 |     4 ||     9
Armor: Robe              |    22 |    47 |    45 ||   114
Dodge: Dodged            |    55 |   134 |   104 ||   293
